Map: Merry Go Round LE

Players

couchman - Winner!

  • Race: Terran Terran
  • Spawn Location: 6:00

HORSES

  • Race: Zerg Zerg
  • Spawn Location: 11:00

CBagRun

  • Race: Zerg Zerg
  • Spawn Location: 1:00

VOD

Have the link to the VOD?

Description

Time

  • Played on: Dec. 12, 2021, 7:47 a.m.
  • Length: 28:05
Show
View Real Time Build Order
Export as new Build Order

couchman Terran - Winner!

Build Orders:  

Get SALT Encoding   

  12  0:00  SCV  
  13  0:12  SCV  
  14  0:20  Supply Depot  
  14  0:24  SCV  
  15  0:40  Refinery  
  15  0:41  SCV  
  16  0:53  SCV  
  17  1:05  SCV  
  17  1:10  Barracks  
  18  1:18  SCV  
  19  1:30  SCV  
  20  1:48  Command Center  
  20  1:49  SCV  
  21  1:55  Refinery  
  21  2:01  Supply Depot, SCV  
  21  2:02  Barracks Tech Lab  
  22  2:18  SCV  
  23  2:25  Engineering Bay  
  23  2:29  Marine  
  24  2:30  SCV  
  25  2:46  SCV  
  25  2:47  Marine  
  27  2:55  Terran Infantry Weapons Level 1  
  27  2:58  SCV  
  28  3:02  Factory  
  28  3:04  Marine  
  29  3:09  Bunker  
  29  3:18  Supply Depot  
  29  3:22  Marine  
  29  3:26  SCV  
  31  3:28  SCV  
  32  3:38  Combat Shield, SCV  
  32  3:41  Supply Depot, SCV  
  34  3:50  Refinery  
  34  3:53  SCV  
  35  4:00  Marine, Starport  
  36  4:04  Supply Depot  
  36  4:05  SCV x2  
  38  4:17  SCV  
  38  4:18  Marine  
  38  4:20  Widow Mine  
  42  4:27  Supply Depot  
  42  4:28  SCV  
  42  4:29  SCV  
  44  4:39  Bunker  
  44  4:40  SCV  
  44  4:41  SCV, Widow Mine  
  48  4:49  Terran Infantry Armor Level 1  
  48  4:52  SCV  
  49  4:53  Starport Tech Lab  
  49  4:57  Fusion Core  
  49  5:01  Stimpack  
  49  5:17  SCV  
  49  5:19  SCV  
  51  5:29  SCV  
  51  5:30  Widow Mine  
  51  5:31  SCV  
  51  5:33  Command Center  
  55  5:41  SCV  
  56  5:43  SCV  
  57  5:51  Widow Mine  
  57  5:52  Armory  
  59  5:58  Weapon Refit  
  59  6:03  Refinery  
  59  6:10  SCV  
  60  6:13  SCV  
  61  6:22  SCV  
  62  6:25  SCV  
  62  6:29  Barracks  
  62  6:30  Marine  
  64  6:34  SCV  
  64  6:36  Battlecruiser  
  64  6:38  SCV  
  72  6:43  Neosteel Armor  
  72  6:45  Starport  
  72  6:46  SCV  
  73  6:48  Marine, Refinery  
  73  6:50  SCV  
  73  6:53  SCV  
  76  6:55  Refinery  
  76  7:02  SCV  
  76  7:05  SCV  
  76  7:06  Marine  
  79  7:11  Command Center  
  79  7:17  SCV  
  80  7:24  Marine, Starport  
  80  7:29  SCV  
  82  7:32  Starport Tech Lab  
  82  7:41  Marine  
  83  7:46  SCV  
  84  7:55  Orbital Command  
  84  8:01  Starport  
  84  8:09  SCV  
  84  8:12  SCV  
  86  8:19  Battlecruiser  
  92  8:21  SCV  
  92  8:24  SCV  
  94  8:27  Barracks Reactor  
  94  8:29  Terran Infantry Weapons Level 2  
  94  8:33  Terran Ship Weapons Level 1, SCV  
  95  8:36  Starport Tech Lab, SCV  
  95  8:37  Starport  
  95  8:39  Starport Tech Lab  
  96  8:54  SCV, Refinery  
  97  8:56  Refinery  
  89  9:23  Starport Tech Lab  
  89  9:46  Command Center  
  89  10:58  Battlecruiser x3  
  107  11:28  Supply Depot  
  107  11:38  SCV  
  108  11:50  Battlecruiser, SCV x2  
  108  11:51  Supply Depot  
  116  12:05  Orbital Command  
  116  12:13  Marine x2, Battlecruiser  
  116  12:14  Supply Depot  
  124  12:29  Terran Ship Weapons Level 2  
  124  12:31  Terran Infantry Weapons Level 3  
  124  12:36  Marine x2, Battlecruiser  
  132  12:38  Supply Depot  
  132  12:59  Marine x3, SCV x2  
  132  13:00  Supply Depot  
  137  13:11  SCV x2  
  139  13:17  Marine  
  140  13:21  Marine, Battlecruiser  
  140  13:22  Supply Depot  
  140  13:23  SCV  
  148  13:43  Marine, SCV x2  
  148  13:46  Supply Depot  
  151  13:55  SCV x2  
  151  14:01  Marine  
  154  14:08  Battlecruiser  
  154  14:09  Supply Depot  
  160  14:24  Marine x3  
  161  14:30  Barracks  
  161  14:31  Battlecruiser  
  169  14:32  Supply Depot  
  169  14:41  Marine  
  169  14:42  Marine x2  
  169  14:45  Ghost Academy, Terran Vehicle Weapons Level 1  
  172  14:53  Battlecruiser  
  172  14:54  Supply Depot  
  172  14:59  Marine x2  
  180  15:07  Terran Infantry Armor Level 2  
  180  15:15  Marine, Battlecruiser  
  180  15:17  Marine, Missile Turret  
  188  15:32  Missile Turret  
  188  15:37  Missile Turret  
  188  15:41  Bunker  
  188  15:50  Missile Turret  
  188  15:56  Missile Turret  
  188  16:09  Missile Turret  
  188  16:12  Bunker  
  188  16:17  Missile Turret  
  188  16:25  Marine  
  188  16:26  Marine  
  188  16:29  Missile Turret  
  186  16:39  Terran Vehicle And Ship Armor Level 1  
  183  16:43  Bunker  
  177  16:49  Missile Turret  
  176  17:05  Supply Depot  
  176  17:06  Supply Depot  
  176  17:07  Supply Depot  
  176  17:08  Missile Turret  
  176  17:12  Supply Depot  
  176  17:14  Supply Depot  
  176  17:21  Bunker  
  176  17:23  Hi-Sec Auto Tracking  
  176  17:26  Marine  
  176  17:28  Battlecruiser x2  
  176  17:29  Battlecruiser  
  195  17:34  Battlecruiser  
  200  17:37  Supply Depot  
  200  17:38  Supply Depot  
  199  18:01  Supply Depot  
  199  18:20  Battlecruiser  
  199  18:24  Supply Depot  
  181  18:33  Terran Ship Weapons Level 3  
  133  18:46  Battlecruiser x3  
  125  19:29  Orbital Command  
  125  20:18  Marine x2  
  125  20:19  Marine x2  
  129  20:36  Marine x3  
  129  20:37  Marine  
  133  20:44  Command Center  
  133  20:46  Command Center  
  133  20:54  Marine x4  
  137  21:12  Marine  
  90  22:05  Battlecruiser  
  90  22:15  Command Center  
  82  22:50  Barracks Reactor  
  82  22:51  Marine x3  
  75  22:57  Terran Vehicle And Ship Armor Level 2  
  77  23:09  Marine x3  
  80  23:26  Marine  
  80  23:27  Marine x2  
  82  23:44  Marine x3  
  85  24:02  Marine  
  76  24:44  SCV  
  77  24:55  SCV  
  77  24:56  SCV  
  79  25:01  Refinery  
  79  25:03  Refinery  
  79  25:07  SCV  
  80  25:19  SCV  
  81  25:23  Marine x5  
  86  25:40  Marine  
  86  25:41  Marine x4  
  91  25:55  Command Center  
  91  25:58  Marine x2  
  91  25:59  Marine x3  
  91  26:01  Widow Mine  
  98  26:05  SCV  
  99  26:16  Marine x3  
  99  26:17  Marine x2  
  104  26:22  Widow Mine  
  106  26:34  Marine  
  106  26:35  Command Center  
  106  26:43  Widow Mine  
  105  27:05  Widow Mine  
Show
View Real Time Build Order
Export as new Build Order

HORSES Zerg 

Build Orders: Pool First 

Get SALT Encoding   

  13  0:14  Drone, Overlord  
  13  0:20  Drone  
  14  0:29  Overlord  
  14  0:43  Drone  
  15  0:50  Spawning Pool  
  15  0:53  Drone  
  15  1:05  Drone  
  16  1:24  Drone x2  
  18  1:47  Hatchery  
  18  1:48  Drone  
  18  1:56  Queen  
  20  2:09  Extractor  
  19  2:16  Extractor  
  19  2:20  Drone  
  19  2:32  Queen  
  21  2:40  Drone  
  21  2:41  Drone x2  
  24  2:59  Extractor  
  24  3:01  Drone  
  24  3:12  Drone x2  
  26  3:29  Drone  
  27  3:37  Lair  
  27  3:44  Drone  
  27  3:45  Drone x2  
  27  3:47  Zergling x6  
  27  3:48  Zergling x2  
  34  3:54  Drone x2  
  36  4:00  Overlord  
  36  4:16  Overlord x2  
  36  4:18  Queen  
  36  4:21  Overlord x2  
  38  4:27  Metabolic Boost  
  38  4:34  Zergling x2  
  38  4:35  Zergling x4  
  41  4:43  Drone x3  
  44  4:47  Drone x2  
  46  5:08  Zergling x4  
  48  5:16  Evolution Chamber  
  48  5:20  Roach Warren  
  46  5:24  Drone  
  46  5:25  Drone  
  46  5:26  Zergling x4  
  46  5:27  Zergling x2  
  51  5:33  Drone x2  
  53  5:38  Drone  
  54  5:44  Extractor  
  54  5:47  Drone x3  
  56  6:02  Zerg Melee Weapons Level 1  
  56  6:03  Glial Reconstitution  
  56  6:09  Evolution Chamber  
  55  6:19  Spire  
  55  6:20  Drone  
  55  6:22  Roach x2  
  59  6:27  Roach x2  
  59  6:28  Roach x2  
  67  6:35  Roach  
  69  6:46  Spire  
  68  6:48  Zergling x8  
  68  6:53  Zergling x2  
  68  6:54  Zergling x2  
  74  6:57  Drone x2  
  76  7:03  Overlord  
  76  7:09  Overlord  
  76  7:34  Roach x3  
  76  7:35  Corruptor x2, Roach  
  88  7:43  Corruptor x2  
  92  7:46  Overlord  
  92  7:53  Overlord x3  
  92  7:56  Zerg Ground Armor Level 1  
  92  7:57  Zerg Missile Weapons Level 1  
  92  7:58  Zerg Flyer Weapons Level 1  
  92  7:59  Zerg Flyer Armor Level 1  
  92  8:07  Roach  
  94  8:14  Roach x4  
  102  8:28  Roach x4  
  110  8:56  Roach  
  110  8:57  Roach x2  
  116  9:04  Corruptor x2  
  120  9:33  Hatchery  
  120  9:35  Infestation Pit  
  118  9:42  Roach x3  
  118  9:45  Overlord  
  124  9:50  Zerg Melee Weapons Level 2  
  124  9:55  Overlord x3  
  124  9:56  Overlord x3  
  121  10:31  Roach x3  
  127  10:38  Corruptor x4  
  135  10:43  Overlord x2  
  135  11:07  Roach x4  
  135  11:08  Roach x2  
  147  11:15  Roach  
  147  11:16  Roach x4  
  157  11:43  Corruptor x3  
  161  12:55  Zerg Flyer Armor Level 2  
  161  12:58  Zerg Flyer Weapons Level 2  
  161  13:02  Zerg Ground Armor Level 2  
  161  13:03  Zerg Missile Weapons Level 2  
  161  13:12  Corruptor x2  
  165  13:28  Roach x5  
  175  13:37  Drone x3  
  178  13:57  Zergling x2  
  178  13:58  Zergling x12  
  185  14:22  Hatchery  
  177  15:05  Corruptor x2  
  177  15:06  Corruptor x3  
  174  15:17  Corruptor x5  
  184  15:39  Drone  
  165  17:44  Roach x5  
  81  19:41  Drone x3  
  84  19:56  Drone x3  
  87  20:00  Queen  
  87  20:04  Lair  
  89  20:13  Extractor  
  88  20:17  Extractor  
  87  20:24  Drone x2  
  89  20:43  Drone x3  
  92  20:50  Zergling x2  
  92  20:51  Zergling x10  
  62  22:16  Drone x3  
  62  22:17  Drone  
  66  22:23  Drone x2  
  66  22:28  Drone x2  
  66  22:29  Drone x2  
  73  22:30  Drone  
  73  22:33  Extractor  
  72  22:58  Spawning Pool  
  72  23:02  Evolution Chamber  
  70  23:07  Spire  
  70  23:11  Evolution Chamber  
  68  23:13  Drone x5  
  57  24:20  Drone x4  
  57  25:28  Drone  
  58  25:32  Extractor  
  57  25:54  Roach Warren  
  56  26:03  Zergling x12  
  56  26:04  Infestation Pit  
  61  26:09  Corruptor x4  
  61  26:10  Corruptor x3  
  75  26:26  Drone x2  
  75  26:32  Drone  
  65  26:49  Roach x3  
  58  26:56  Roach  
  47  27:38  Roach x3  
Show
View Real Time Build Order
Export as new Build Order

CBagRun Zerg 

Build Orders: Pool First 

Get SALT Encoding   

  12  0:09  Drone x2  
  14  0:19  Overlord  
  14  0:37  Spawning Pool  
  14  0:39  Drone  
  14  0:42  Drone  
  15  0:50  Drone  
  16  1:02  Drone  
  17  1:06  Drone  
  18  1:29  Queen  
  18  1:31  Overlord  
  20  1:45  Evolution Chamber  
  19  1:57  Overlord  
  19  1:58  Zergling x4, Hatchery  
  20  2:12  Queen  
  20  2:15  Zergling x2  
  23  2:27  Drone  
  24  2:49  Zergling x6  
  27  3:04  Extractor  
  26  3:14  Drone  
  27  3:21  Drone x3  
  27  3:22  Drone x3  
  33  3:37  Drone  
  34  3:41  Drone x2  
  34  3:46  Drone x3  
  39  3:52  Drone  
  39  3:54  Queen  
  42  3:56  Queen  
  44  4:14  Overlord  
  44  4:16  Overlord  
  44  4:32  Queen x2  
  44  4:35  Drone x3  
  44  4:36  Drone x2  
  53  4:41  Zerg Ground Armor Level 1  
  53  4:44  Zergling x10  
  58  4:58  Extractor  
  57  5:05  Zergling x6  
  60  5:14  Overlord  
  60  5:15  Overlord x3  
  60  5:19  Metabolic Boost  
  60  5:45  Zergling x6  
  60  5:46  Zergling x4  
  65  5:54  Drone  
  66  5:59  Drone  
  66  6:00  Drone x3  
  70  6:05  Drone  
  71  6:17  Extractor  
  70  6:19  Zergling x4  
  70  6:23  Zergling x4  
  70  6:24  Zergling x2  
  75  6:27  Overlord  
  75  6:28  Overlord x3  
  75  6:36  Zerg Melee Weapons Level 1  
  75  6:45  Drone x2  
  77  7:04  Roach Warren  
  76  7:10  Zergling x10  
  76  7:13  Zergling x4  
  76  7:14  Zergling x8  
  87  7:25  Lair  
  87  7:36  Zergling x2  
  88  7:43  Zergling x4  
  88  7:44  Zergling x6  
  93  7:57  Zergling x2  
  94  8:03  Roach x2  
  94  8:04  Roach  
  100  8:06  Roach  
  102  8:23  Roach x4  
  102  8:25  Roach x3  
  116  8:30  Zerg Missile Weapons Level 1  
  116  8:43  Infestation Pit  
  114  9:32  Zergling x2  
  114  9:33  Zergling x4  
  114  9:36  Zergling x6  
  120  9:45  Roach  
  117  10:30  Zergling x6  
Tags
 
Add a new tag
Caveats
  • Supply blocks, unpowered buildings, or Contaminate may cause inaccurate times.
  • Supply counts are checked every 10 seconds.